3AA
OTTAWA NATIONALS @ SALEM MISFITS
08/30/2021
 
TOP OF THE 1ST
Ottawa Nationals batting - Pitching for Salem Misfits : LHP Javier Roldán
Pitching: LHP Javier Roldán
Batting: RHB Francisco Morales 0-0: Called Strike
0-1: Ball
1-1: Ball
2-1: Ball
3-1: Foul Ball, location: 2F
3-2: Foul Ball, location: 2F
3-2: Base on Balls
Batting: RHB Barry Welch 0-0: Ball
Francisco Morales steals 2nd base
1-0: TRIPLE (Line Drive, 3L)
Francisco Morales scores
Batting: RHB Jack O'Brien 0-0: Called Strike
0-1: Swinging Strike
0-2: Foul Ball, location: 2F
0-2: Ball
1-2: 2-RUN HOME RUN (Flyball, 7LD), Distance : 347 ft
Batting: RHB Sam Horton 0-0: Fly out, F8 (Flyball, 8RM)
Batting: RHB Stan Pierce 0-0: Ball
1-0: Ball
2-0: Swinging Strike
2-1: Called Strike
2-2: Ball
3-2: Fly out, F2 (Popup, 2LF)
Batting: RHB Dan Bernard 0-0: Ball
1-0: Swinging Strike
1-1: Ball
2-1: Ball
3-1: Base on Balls
Batting: RHB Jesús Soto 0-0: Ball
1-0: Foul Ball, location: 2F
1-1: Foul Ball, location: 2F
1-2: Foul Ball, location: 2F
1-2: Ball
Dan Bernard steals 2nd base
2-2: SINGLE (Flyball, 8LS)
Dan Bernard to third
Runner from 3rd tries for Home, SAFE, no throw or cutoff
Batting: RHB Anthony Trujillo 0-0: Ball
1-0: Fly out, F6 (Line Drive, 6)
Top of the 1st over - 4 run(s), 3 hit(s), 0 error(s), 1 left on base; Ottawa 4 - Salem 0
BOTTOM OF THE 1ST
Salem Misfits batting - Pitching for Ottawa Nationals : RHP Larry Gordon
Pitching: RHP Larry Gordon
Batting: SHB Alonso Márquez 0-0: Called Strike
0-1: Foul Ball, location: 2F
0-2: SINGLE (Line Drive, 56D)
Batting: LHB Micheal Garren 0-0: Called Strike
0-1: Called Strike
Alonso Márquez is caught stealing 2nd base
0-2: Ground out 4-3 (Groundball, 4M)
Batting: RHB Steve Duncan 0-0: Called Strike
0-1: Ball
1-1: SINGLE (Groundball, 56D)
Batting: LHB Júlio Valentín 0-0: Ball
Wild Pitch!
Steve Duncan to second
1-0: Ball
2-0: Foul Ball, location: 2F
2-1: SINGLE (Line Drive, 4M)
Steve Duncan to third
Runner from 3rd tries for Home, SAFE, no throw or cutoff
Batting: RHB Jay Parker 0-0: Ball
1-0: Swinging Strike
1-1: Ball
2-1: Ball
3-1: Called Strike
3-2: Base on Balls
Júlio Valentín to second
Batting: RHB Jim Unknown 0-0: Foul Ball, location: 2F
0-1: Ball
1-1: Fly out, F9 (Flyball, 9M)
Bottom of the 1st over - 1 run(s), 3 hit(s), 0 error(s), 2 left on base; Ottawa 4 - Salem 1
TOP OF THE 2ND
Ottawa Nationals batting - Pitching for Salem Misfits : LHP Javier Roldán
Batting: RHB Ben Daniel 0-0: Ball
1-0: Called Strike
1-1: Swinging Strike
1-2: Ball
2-2: Strikes out swinging
Batting: RHB Francisco Morales 0-0: Ball
1-0: Foul Ball, location: 2F
1-1: Ball
2-1: Ball
3-1: Swinging Strike
3-2: Strikes out swinging
Batting: RHB Barry Welch 0-0: Ball
1-0: Ball
2-0: Called Strike
2-1: Ball
3-1: Base on Balls
Batting: RHB Jack O'Brien 0-0: Called Strike
0-1: Called Strike
0-2: Ball
1-2: Ball
2-2: Foul Ball, location: 2F
2-2: Ball
3-2: SINGLE (Groundball, 6)
Barry Welch to second
Barry Welch to third
Batting: RHB Sam Horton 0-0: Ball
1-0: Ball
2-0: Called Strike
2-1: Foul Ball, location: 2F
2-2: DOUBLE (Groundball, 5L)
Barry Welch scores
Jack O'Brien to third
Batting: RHB Stan Pierce 0-0: Ball
1-0: Called Strike
1-1: Fly out, F6 (Popup, 6M)
Top of the 2nd over - 1 run(s), 2 hit(s), 0 error(s), 2 left on base; Ottawa 5 - Salem 1
BOTTOM OF THE 2ND
Salem Misfits batting - Pitching for Ottawa Nationals : RHP Larry Gordon
Batting: RHB Jim Unknown 0-0: Ball
1-0: Called Strike
1-1: Ball
2-1: Ball
3-1: Base on Balls
Batting: RHB Jim Unknown 0-0: Ball
1-0: Ball
2-0: Ball
Wild Pitch!
Jim Unknown to second
3-0: Base on Balls
Batting: RHB Jim Unknown 0-0: Ball
1-0: Swinging Strike
1-1: Swinging Strike
1-2: Grounds into double play, 1-4-3 (Groundball, 13S)
Jim Unknown to third
Batting: SHB Alonso Márquez 0-0: Foul Ball, location: 2F
0-1: Ball
1-1: Fly out, F4 (Popup, 4D)
Bottom of the 2nd over - 0 run(s), 0 hit(s), 0 error(s), 1 left on base; Ottawa 5 - Salem 1
TOP OF THE 3RD
Ottawa Nationals batting - Pitching for Salem Misfits : LHP Javier Roldán
Batting: RHB Dan Bernard 0-0: Foul Ball, location: 2F
0-1: Ground out 5-3 (Groundball, 5S)
Batting: RHB Jesús Soto 0-0: Called Strike
0-1: Ball
1-1: Ball
2-1: Ball
3-1: Foul Ball, location: 2F
3-2: Base on Balls
Batting: RHB Anthony Trujillo 0-0: Ball
1-0: Called Strike
1-1: Ball
2-1: Ball
3-1: Base on Balls
Jesús Soto to second
Batting: RHB Ben Daniel 0-0: Ball
1-0: Foul Ball, location: 2F
1-1: Fly out, F8 (Flyball, 8LM)
Batting: RHB Francisco Morales 0-0: Called Strike
0-1: Ball
1-1: Fly out, F9 (Line Drive, 9S)
Top of the 3rd over - 0 run(s), 0 hit(s), 0 error(s), 2 left on base; Ottawa 5 - Salem 1
BOTTOM OF THE 3RD
Salem Misfits batting - Pitching for Ottawa Nationals : RHP Larry Gordon
Batting: LHB Micheal Garren 0-0: Called Strike
0-1: Ball
1-1: Ball
2-1: Fly out, F4 (Popup, 4M)
Batting: RHB Steve Duncan 0-0: Called Strike
0-1: Called Strike
0-2: Foul Ball, location: 2F
0-2: Fly out, F5 (Line Drive, 5S)
Batting: LHB Júlio Valentín 0-0: Called Strike
0-1: Ball
1-1: Foul Ball, location: 2F
1-2: Ball
2-2: Strikes out looking
Bottom of the 3rd over - 0 run(s), 0 hit(s), 0 error(s), 0 left on base; Ottawa 5 - Salem 1
TOP OF THE 4TH
Ottawa Nationals batting - Pitching for Salem Misfits : LHP Javier Roldán
Batting: RHB Barry Welch 0-0: Ball
1-0: Ball
2-0: Ball
3-0: Base on Balls
Batting: RHB Jack O'Brien 0-0: Called Strike
0-1: Ball
1-1: Ball
2-1: Foul Ball, location: 2F
2-2: Ball
3-2: Foul Ball, location: 2F
3-2: Foul Ball, location: 2F
3-2: Foul Ball, location: 2F
3-2: DOUBLE (Line Drive, 8LM)
Barry Welch to third
Batting: RHB Sam Horton 0-0: Ball
1-0: Ball
2-0: Fly out, F9 (Flyball, 89M)
Runner from 3rd tags up, SCORES, throw made
Batting: RHB Stan Pierce 0-0: Ball
1-0: Called Strike
1-1: Ball
2-1: Ball
3-1: Called Strike
3-2: Ground out 6-3 (Groundball, 6)
Batting: RHB Dan Bernard 0-0: Called Strike
0-1: Ball
1-1: Ball
2-1: Ball
3-1: Fly out, F9 (Flyball, 9LM)
Top of the 4th over - 1 run(s), 1 hit(s), 0 error(s), 1 left on base; Ottawa 6 - Salem 1
BOTTOM OF THE 4TH
Salem Misfits batting - Pitching for Ottawa Nationals : RHP Larry Gordon
Batting: RHB Jay Parker 0-0: Called Strike
0-1: Called Strike
0-2: Ball
1-2: Reached on error, E4 (Groundball, 4)
Batting: RHB Jim Unknown 0-0: Ball
1-0: Called Strike
1-1: Ball
2-1: Called Strike
2-2: Ball
3-2: Base on Balls
Jay Parker to second
Batting: RHB Jim Unknown 0-0: SINGLE (Flyball, 89S)
Jay Parker to third
Jim Unknown to second
Runner from 3rd tries for Home, throw and OUT!
Jim Unknown to third
Jim Unknown to second
Batting: RHB Jim Unknown 0-0: SINGLE (Line Drive, 78M)
Jim Unknown scores
Jim Unknown to third
Runner from 3rd tries for Home, SAFE, no throw or cutoff
Batting: RHB Jim Unknown 0-0: Called Strike
0-1: Grounds into double play, 4-6-3 (Groundball, 4)
Bottom of the 4th over - 2 run(s), 2 hit(s), 1 error(s), 0 left on base; Ottawa 6 - Salem 3
TOP OF THE 5TH
Ottawa Nationals batting - Pitching for Salem Misfits : LHP Javier Roldán
Batting: RHB Jesús Soto 0-0: Ball
1-0: Ground out 5-3 (Groundball, 15S)
Batting: RHB Anthony Trujillo 0-0: Called Strike
0-1: Ball
1-1: Ball
2-1: Called Strike
2-2: Strikes out swinging
Batting: RHB Ben Daniel 0-0: Fly out, F5 (Line Drive, 56)
Top of the 5th over - 0 run(s), 0 hit(s), 0 error(s), 0 left on base; Ottawa 6 - Salem 3
BOTTOM OF THE 5TH
Salem Misfits batting - Pitching for Ottawa Nationals : RHP Larry Gordon
Batting: SHB Alonso Márquez 0-0: SINGLE (Line Drive, 7S)
Batting: LHB Micheal Garren 0-0: Ball
Alonso Márquez is caught stealing 2nd base
1-0: SINGLE (Groundball, 6M)
Batting: RHB Steve Duncan 0-0: Ball
Micheal Garren is caught stealing 2nd base
1-0: Called Strike
1-1: Ball
2-1: Fly out, F7 (Line Drive, 8LM)
Bottom of the 5th over - 0 run(s), 2 hit(s), 0 error(s), 0 left on base; Ottawa 6 - Salem 3
TOP OF THE 6TH
Ottawa Nationals batting - Pitching for Salem Misfits : LHP Javier Roldán
Batting: RHB Francisco Morales 0-0: Foul Ball, location: 2F
0-1: Ball
1-1: Ball
2-1: Ball
3-1: Base on Balls
Pitching: RHP Sid Brown
Batting: RHB Barry Welch 0-0: Bunted foul
0-1: Bunted foul
0-2: Ball
1-2: Ball
2-2: Reached on error, E6 (Groundball, 6)
Francisco Morales to second
Batting: RHB Jack O'Brien 0-0: Foul Ball, location: 2F
0-1: Ball
1-1: Ball
2-1: Ball
3-1: Foul Ball, location: 2F
3-2: Base on Balls
Francisco Morales to third
Barry Welch to second
Batting: RHB Sam Horton 0-0: Ball
1-0: Ball
2-0: Called Strike
2-1: SINGLE (Groundball, 5S) (infield hit)
Francisco Morales scores
Barry Welch to third
Jack O'Brien to second
Batting: RHB Stan Pierce 0-0: Called Strike
0-1: Called Strike
0-2: Fly out, F9 (Flyball, 9LD)
Runner from 3rd tags up, SCORES, no throw
Batting: RHB Dan Bernard 0-0: Called Strike
0-1: Ball
1-1: Ball
2-1: Foul Ball, location: 2F
2-2: Ball
3-2: Base on Balls
Jack O'Brien to third
Sam Horton to second
Batting: RHB Jesús Soto 0-0: Called Strike
0-1: Foul Ball, location: 2F
0-2: SINGLE (Line Drive, 34D)
Jack O'Brien scores
Sam Horton to third
Dan Bernard to second
Batting: RHB Anthony Trujillo 0-0: Ball
1-0: Ball
2-0: Ball
3-0: Called Strike
3-1: Foul Ball, location: 2F
3-2: Foul Ball, location: 2F
3-2: Foul Ball, location: 2F
3-2: Foul Ball, location: 2F
3-2: Fielders Choice at 2nd, 4-6 (Groundball, 4)
Sam Horton scores
Dan Bernard to third
Pitching: RHP Alfredo Córdova
Batting: RHB Ben Daniel 0-0: Ball
1-0: Called Strike
1-1: Foul Ball, location: 2F
1-2: Foul Ball, location: 2F
1-2: Ball
2-2: Hit by Pitch
Anthony Trujillo to second
Batting: RHB Francisco Morales 0-0: Ball
1-0: Foul Ball, location: 2F
1-1: Ball
2-1: Ball
3-1: Foul Ball, location: 2F
3-2: Base on Balls
Dan Bernard scores
Anthony Trujillo to third
Ben Daniel to second
Batting: RHB Barry Welch 0-0: Called Strike
0-1: Ball
1-1: Ball
2-1: Fly out, F7 (Flyball, 7LM)
Top of the 6th over - 5 run(s), 2 hit(s), 1 error(s), 3 left on base; Ottawa 11 - Salem 3
BOTTOM OF THE 6TH
Salem Misfits batting - Pitching for Ottawa Nationals : RHP Larry Gordon
Batting: LHB Júlio Valentín 0-0: Ball
1-0: Ball
2-0: Called Strike
2-1: SOLO HOME RUN (Flyball, 9D), Distance : 378 ft
Batting: RHB Jay Parker 0-0: Ball
1-0: Ball
2-0: Ball
3-0: Base on Balls
Batting: RHB Jim Unknown 0-0: Ball
1-0: Called Strike
1-1: Called Strike
Jay Parker is caught stealing 2nd base
1-2: SINGLE (Line Drive, 56)
Batting: RHB Jim Unknown 0-0: Reached on error, E6 (Groundball, 56)
Jim Unknown to second
Batting: RHB Jim Unknown 0-0: Foul Ball, location: 2F
0-1: Ball
1-1: Foul Ball, location: 2F
1-2: Foul Ball, location: 2F
1-2: Ball
2-2: Fly out, F8 (Flyball, 8RM)
Batting: RHB Jim Unknown 0-0: Ball
1-0: Ball
2-0: Ball
3-0: Called Strike
3-1: Foul Ball, location: 2F
3-2: Base on Balls
Jim Unknown to third
Jim Unknown to second
Batting: SHB Alonso Márquez 0-0: Ball
1-0: Ball
2-0: Ball
3-0: Base on Balls
Jim Unknown scores
Jim Unknown to third
Jim Unknown to second
Batting: LHB Micheal Garren 0-0: Ball
1-0: Ball
2-0: Called Strike
2-1: Ball
Passed Ball!
Jim Unknown scores
Jim Unknown to third
Alonso Márquez to second
3-1: Foul Ball, location: 2F
3-2: Foul Ball, location: 2F
3-2: Fly out, F5 (Popup, 5F)
Bottom of the 6th over - 3 run(s), 2 hit(s), 1 error(s), 2 left on base; Ottawa 11 - Salem 6
TOP OF THE 7TH
Ottawa Nationals batting - Pitching for Salem Misfits : RHP Alfredo Córdova
Batting: RHB Jack O'Brien 0-0: Called Strike
0-1: Swinging Strike
0-2: Ball
1-2: Foul Ball, location: 2F
1-2: Strikes out swinging
Batting: RHB Sam Horton 0-0: Foul Ball, location: 2F
0-1: Called Strike
0-2: Ball
1-2: Ball
2-2: Strikes out swinging
Batting: RHB Stan Pierce 0-0: Ball
1-0: Ball
2-0: Ball
3-0: Called Strike
3-1: Swinging Strike
3-2: SINGLE (Flyball, 89S)
Batting: RHB Dan Bernard 0-0: Ball
1-0: Called Strike
1-1: Ball
2-1: Ball
3-1: Foul Ball, location: 2F
3-2: Base on Balls
Stan Pierce to second
Batting: RHB Jesús Soto 0-0: Ball
1-0: Foul Ball, location: 2F
1-1: Ball
2-1: Called Strike
2-2: Foul Ball, location: 2F
2-2: Foul Ball, location: 2F
2-2: Fly out, F8 (Flyball, 8LM)
Top of the 7th over - 0 run(s), 1 hit(s), 0 error(s), 2 left on base; Ottawa 11 - Salem 6
BOTTOM OF THE 7TH
Salem Misfits batting - Pitching for Ottawa Nationals : RHP Larry Gordon
Batting: RHB Steve Duncan 0-0: Ball
1-0: Foul Ball, location: 2F
1-1: Ball
2-1: Ball
3-1: Foul Ball, location: 2F
3-2: Foul Ball, location: 2F
3-2: Strikes out swinging
Batting: LHB Júlio Valentín 0-0: Ball
1-0: Ground out 4-3 (Groundball, 4)
Batting: RHB Jay Parker 0-0: Fly out, F7 (Flyball, 7M)
Bottom of the 7th over - 0 run(s), 0 hit(s), 0 error(s), 0 left on base; Ottawa 11 - Salem 6
TOP OF THE 8TH
Ottawa Nationals batting - Pitching for Salem Misfits : RHP Alfredo Córdova
Batting: RHB Anthony Trujillo 0-0: Ball
1-0: Called Strike
1-1: Ball
2-1: Fly out, F9 (Flyball, 9M)
Batting: RHB Ben Daniel 0-0: Fly out, F7 (Flyball, 7D)
Batting: RHB Francisco Morales 0-0: Called Strike
0-1: Called Strike
0-2: Strikes out swinging
Top of the 8th over - 0 run(s), 0 hit(s), 0 error(s), 0 left on base; Ottawa 11 - Salem 6
BOTTOM OF THE 8TH
Salem Misfits batting - Pitching for Ottawa Nationals : RHP Larry Gordon
Pitching: RHP Ernie McPherson
Now in RF: Paul Johnson
Batting: RHB Jim Unknown 0-0: Called Strike
0-1: Foul Ball, location: 2F
0-2: SOLO HOME RUN (Flyball, 7D), Distance : 380 ft
Batting: RHB Jim Unknown 0-0: Ball
1-0: Called Strike
1-1: Ball
2-1: Called Strike
2-2: Ball
3-2: Ground out 5-3 (Groundball, 56S)
Batting: RHB Jim Unknown 0-0: Called Strike
0-1: Ball
1-1: Foul Ball, location: 2F
1-2: Ball
2-2: Ball
3-2: Foul Ball, location: 2F
3-2: Base on Balls
Batting: RHB Jim Unknown 0-0: Foul Ball, location: 2F
0-1: Foul Ball, location: 2F
0-2: Strikes out looking
Batting: SHB Alonso Márquez 0-0: Fly out, F7 (Flyball, 78M)
Bottom of the 8th over - 1 run(s), 1 hit(s), 0 error(s), 1 left on base; Ottawa 11 - Salem 7
TOP OF THE 9TH
Ottawa Nationals batting - Pitching for Salem Misfits : RHP Alfredo Córdova
Batting: RHB Barry Welch 0-0: Ball
1-0: Called Strike
1-1: Ball
2-1: Called Strike
2-2: Ground out 5-3 (Groundball, 56)
Pitching: LHP Jim Unknown
Batting: RHB Jack O'Brien 0-0: Ball
1-0: Called Strike
1-1: Swinging Strike
1-2: Strikes out looking
Batting: RHB Sam Horton 0-0: Ball
1-0: Ball
2-0: Ball
3-0: Foul Ball, location: 2F
3-1: Foul Ball, location: 2F
3-2: Foul Ball, location: 2F
3-2: SINGLE (Line Drive, 6MD)
Batting: RHB Stan Pierce 0-0: Called Strike
0-1: Called Strike
0-2: Ball
1-2: Fly out, F8 (Flyball, 8RM)
Top of the 9th over - 0 run(s), 1 hit(s), 0 error(s), 1 left on base; Ottawa 11 - Salem 7
BOTTOM OF THE 9TH
Salem Misfits batting - Pitching for Ottawa Nationals : RHP Ernie McPherson
Pitching: RHP Albert Días
Batting: LHB Micheal Garren 0-0: Fly out, F8 (Flyball, 8RM)
Batting: RHB Steve Duncan 0-0: Called Strike
0-1: Fly out, F6 (Popup, 56D)
Batting: LHB Júlio Valentín 0-0: Ball
1-0: Foul Ball, location: 2F
1-1: Ball
2-1: SOLO HOME RUN (Line Drive, 89XD), Distance : 419 ft
Batting: RHB Jay Parker 0-0: Ball
1-0: Ball
2-0: Called Strike
2-1: Fly out, F4 (Popup, 4MD)
Bottom of the 9th over - 1 run(s), 1 hit(s), 0 error(s), 0 left on base; Ottawa 11 - Salem 8
This league is powered by Out of the Park Baseball, the baseball management simulation game for PC, Mac and Linux
Friday, January 22nd, 2016 - OOTP Baseball 16.9 Build 39